 Dungeon Crawl Stone Soup version 0.17.1-1-g73c8601 (webtiles) character file.

35 Implojin the Chopper (level 3, -5/31 HPs)
             Began as a Minotaur Berserker on Apr 9, 2016.
             Was a Follower of Trog.
             Killed from afar by Sigmund (6 damage)
             ... with a puff of flame
             ... on level 3 of the Dungeon.
             The game lasted 00:01:26 (187 turns).

Implojin the Chopper (Minotaur Berserker)            Turns: 187, Time: 00:01:27

Health: -5/31      AC:  2    Str: 21    XL:     3   Next: 16%
Magic:  2/2        EV: 12    Int:  4    God:    Trog [*.....]
Gold:   6          SH:  0    Dex: 12    Spells: 0 memorised, 2 levels left

rFire  . . .     SeeInvis .     a - +0 hand axe
rCold  . . .     Clarity  .     b - +0 animal skin
rNeg   . . .     SustAt   .     (no shield)
rPois  .         Gourm    .     (helmet restricted)
rElec  .         Spirit   .     (no cloak)
rCorr  .         Warding  .     (no gloves)
rMut   .         Rnd*Tele +     (no boots)
MR     .....                    (no amulet)
Stlth  +.........               (no ring)
                                (no ring)

@: confused, exhausted, slowed, very slow, not resistant to hostile
enchantments, very unstealthy
A: retaliatory headbutt, horns 2, agile 1, breathe flames 1, teleportitis 1
a: Berserk, Burn Spellbooks, Renounce Religion, Breathe Fire


You were on level 3 of the Dungeon.
You worshipped Trog.
Trog was aware of your devotion.
You were not hungry.

You visited 1 branch of the dungeon, and saw 3 of its levels.

You collected 6 gold pieces.

Inventory:

Hand Weapons
 a - a +0 hand axe (weapon)
Armour
 b - a +0 animal skin (worn)
Scrolls
 d - a scroll of random uselessness {unknown}
Comestibles
 c - a bread ration
 f - 2 chunks of flesh


   Skills:
 - Level 3.6 Fighting
 * Level 5.2 Axes
 - Level 2.4 Armour
 - Level 2.1 Dodging


You had 2 spell levels left.
You didn't know any spells.

Dungeon Overview and Level Annotations

Branches:
Dungeon (3/15)

Altars:

Portals:
Sewer: D:3

Annotations:
D:3 Sigmund


Innate Abilities, Weirdness & Mutations

You reflexively headbutt those who attack you in melee.
You have a pair of horns on your head.
You are agile. (Dex +2)
You can breathe flames.
You are occasionally teleported next to monsters.


Message History

Drink which item? (? for menu, Esc to quit)
Okay, then.
You hear the slow rusting of a drain nearby.
* * * LOW HITPOINT WARNING * * *
You feel sick.
Unknown command.
* * * LOW HITPOINT WARNING * * *
You feel sick.
Unknown command.
* * * LOW HITPOINT WARNING * * *
You feel sick.
* * * LOW HITPOINT WARNING * * *
You feel sick.
Sigmund the Dreaded comes into view.
He is wielding an enchanted scythe.
Sigmund barely misses you.
Unknown command.
* * * LOW HITPOINT WARNING * * *
You feel sick.
Read which item? (? for menu, Esc to quit)
Okay, then.
Drink which item? (? for menu, Esc to quit)
You can't drink that!
Unknown command.
Drink which item? (? for menu, Esc to quit)
It was a potion of mutation.
You feel extremely strange.
You feel agile.
Your throat feels hot.
You feel weirdly uncertain. Sigmund misses you.
Unknown command.
Sigmund casts a spell at you.
You are confused.
Unknown command.
You bump into the rock wall.
* * * LOW HITPOINT WARNING * * *
You feel sick.
You are no longer poisoned.
Sigmund completely misses you. Sigmund misses you.
Sigmund gestures at you while chanting. The puff of flame hits you!
You die...

#.# #.# ### #.# ..#
#.###### #.#
###.##.... #.#
#...##...# ####.##
#...##.#.# #.@.#.##
#.........
#.#..###.###.#######.
#....####)##.#≈≈≈≈≈#.
#..##@####..÷††≈∩≈≈#.
#.##.##.##.##.#≈≈≈≈≈#.
## #@.##.# #.#######.
#..#.# #.........
#.##.# ###.###### ##
#.# #+#


You could see Sigmund.

Vanquished Creatures
  3 adders (D:3)
  A bat (D:1)
  2 giant cockroaches
  A giant newt (D:2)
  2 goblins (D:1)
9 creatures vanquished.

Notes
Turn   | Place    | Note
--------------------------------------------------------------
     0 | D:1      | Implojin the Minotaur Berserker began the quest for the Orb.
     0 | D:1      | Reached XP level 1. HP: 19/19 MP: 0/0
    78 | D:1      | Reached skill level 4 in Axes
   144 | D:3      | Found a glowing drain.
   162 | D:3      | Reached XP level 2. HP: 19/26 MP: 1/1
   164 | D:3      | Reached skill level 5 in Axes
   165 | D:3      | Reached XP level 3. HP: 11/31 MP: 2/2
   180 | D:3      | Noticed Sigmund
   183 | D:3      | Gained mutation: You are agile. (Dex +2) [potion of mutation]
   183 | D:3      | Gained mutation: You can breathe flames. [potion of mutation]
   183 | D:3      | Gained mutation: You are occasionally teleported next to monsters. [potion of mutation]
   185 | D:3      | HP: 1/31 [poisoned by an adder]
   187 | D:3      | Killed from afar by Sigmund

Action                   || total
-------------------------++-------
Melee: Hand axe          ||    29
Invok: Berserk           ||     1
  Use: Potion            ||     1

Table legend:
 A = Turns spent in this place as a percentage of turns spent in the entire game.
 B = Non-inter-level travel turns spent in this place as a percentage of non-inter-level travel turns spent in the entire game.
 C = Inter-level travel turns spent in this place as a percentage of turns spent in this place.
 D = Turns resting spent in this place as a percentage of non-inter-level travel turns spent in this place.
 E = Turns spent auto-exploring this place as a percentage of non-inter-level travel turns spent in this place.
 F = Non-inter-level travel turns spent in this place divided by the number of levels of this place that you've seen.
                   A       B       C       D       E      F
               +-------+-------+-------+-------+-------+----------------------
         Total | 100.0 | 100.0 |   0.0 |   0.0 |   0.0 |  65.0
       Dungeon | 100.0 | 100.0 |   0.0 |   0.0 |   0.0 |  65.0
               +-------+-------+-------+-------+-------+----------------------

Table legend:
 A = Kills in this place as a percentage of kills in entire the game.
 B = Kills by you in this place as a percentage of kills by you in the entire game.
 C = Kills by friends in this place as a percentage of kills by friends in the entire game.
 D = Other kills in this place as a percentage of other kills in the entire game.
 E = Experience gained in this place as a percentage of experience gained in the entire game.
 F = Experience gained in this place divided by the number of levels of this place that you have seen.
                   A       B       C       D       E      F
               +-------+-------+-------+-------+-------+----------------------
         Total | 100.0 | 100.0 |  -nan |  -nan | 100.0 |  16.7
       Dungeon | 100.0 | 100.0 |  -nan |  -nan | 100.0 |  16.7
               +-------+-------+-------+-------+-------+----------------------
